 Dungeon Crawl Stone Soup version 0.21.1-1-g345015f (webtiles) character file.

348 eccles the Chopper (level 6, -1/84 HPs)
             Began as a Minotaur Berserker on July 31, 2018.
             Was a Priest of Trog.
             Slain by amoger1506's ghost (10 damage)
             ... on level 4 of the Dungeon.
             The game lasted 00:16:09 (3088 turns).

eccles the Chopper (Minotaur Berserker)             Turns: 3088, Time: 00:16:10

Health: -1/84      AC: 10    Str: 26    XL:     6   Next: 33%
Magic:  5/5        EV:  9    Int:  4    God:    Trog [***...]
Gold:   132        SH:  0    Dex: 12    Spells: 5/5 levels left

rFire    . . .     SeeInvis .   a - +0 hand axe
rCold    . . .     Gourm    .   (no shield)
rNeg     . . .     Faith    .   d - +0 chain mail
rPois    .         Spirit   .   (helmet restricted)
rElec    .         Reflect  .   (no cloak)
rCorr    .         Harm     .   (no gloves)
MR       +....                  j - +0 pair of boots
Stlth    ..........             (no amulet)
HPRegen  0.24/turn              l - ring of protection from magic
MPRegen  0.09/turn              (no ring)

@: berserking, very quick
A: retaliatory headbutt, horns 2
a: Berserk, Trog's Hand, Burn Spellbooks, Renounce Religion


You were on level 4 of the Dungeon.
You worshipped Trog.
Trog was most pleased with you.
You were very hungry.

You visited 1 branch of the dungeon, and saw 4 of its levels.

You collected 222 gold pieces.
You spent 90 gold pieces at shops.

Inventory:

Hand Weapons
 a - a +0 hand axe (weapon)
Armour
 b - a +0 animal skin
 d - a +0 chain mail (worn)
 g - a +0 leather armour
 j - a +0 pair of boots (worn)
Jewellery
 l - a ring of protection from magic (left hand)
Wands
 n - a wand of flame (24)
Scrolls
 e - 3 scrolls of identify
 i - 4 scrolls of remove curse
 m - a scroll of amnesia {unknown}
Potions
 h - 3 potions of heal wounds
 k - 2 potions of curing
Comestibles
 c - 5 rations
 f - 3 chunks of flesh


   Skills:
 * Level 5.0 Fighting
 * Level 6.3 Axes
 + Level 4.6 Armour
 + Level 2.9 Dodging
 + Level 0.3 Stealth


You had 5 spell levels left.
You didn't know any spells.

Dungeon Overview and Level Annotations

Branches:
Dungeon (4/15)
 Temple: D:4-7

Altars:
Zin
The Shining One

Annotations:
D:4 amoger1506's ghost, amateur DsAK


Innate Abilities, Weirdness & Mutations

You reflexively headbutt those who attack you in melee.
You have a pair of horns on your head.


Message History

You feel yourself moving faster!
You feel mighty!
You are feeling very hungry.
Amoger1506's ghost stares at you.
Amoger1506's ghost hits you but does no damage.
Your chain mail prevents you from hitting amoger1506's ghost.
Your headbutt misses amoger1506's ghost.
Amoger1506's ghost is severely damaged.
Amoger1506's ghost says regretfully, "I wish I had corrupted all of this!"
Amoger1506's ghost hits you!
* * * LOW HITPOINT WARNING * * *
You closely miss amoger1506's ghost. You headbutt amoger1506's ghost.
Amoger1506's ghost is almost destroyed.
Amoger1506's ghost hits you but does no damage.
You hit amoger1506's ghost but do no damage.
Amoger1506's ghost is almost destroyed.
You barely miss amoger1506's ghost.
Your headbutt misses amoger1506's ghost.
Amoger1506's ghost is almost destroyed.
Amoger1506's ghost hits you!
You die...

####### ###
#######.....## ..##
##### #..##........##
...# ##...
#.............# ...#
##...# ##............##
..>##
#....####......#.....##
....#
#...###....########.##
#...###.......##@.# ###
.[)..##....####.W...#
.)).....#### #......#
......### ........#
##..### #.........#
#..# #.......... ##.##
........... #..#
#........... #..#


You could see amoger1506's ghost.

Vanquished Creatures
  A crimson imp (D:3)
  An orc priest (D:4)
  Jessica (D:3)
  Ijyb (D:4)
  Natasha (thrice) (D:3)
  An orc wizard (D:4)
  Robin (D:3)
  4 adders (D:3)
  2 worms (D:3)
  A dart slug (D:1)
  2 leopard geckos
  4 orcs
  9 bats
  3 giant cockroaches
  18 goblins
  6 hobgoblins
  8 kobolds
  A quokka (D:3)
  2 ball pythons
  4 frilled lizards
  11 rats
84 creatures vanquished.

Notes
Turn   | Place    | Note
-------+----------+-------------------------------------------
     0 | D:1      | eccles the Minotaur Berserker began the quest for the Orb.
     0 | D:1      | Reached XP level 1. HP: 19/19 MP: 0/0
   112 | D:1      | Reached XP level 2. HP: 27/27 MP: 1/1
   119 | D:1      | Reached skill level 4 in Axes
   436 | D:1      | Reached ** piety under Trog
   920 | D:2      | Reached XP level 3. HP: 27/33 MP: 2/2
  1238 | D:2      | Found a faded altar of an unknown god.
  1552 | D:2      | Found a glowing golden altar of the Shining One.
  1597 | D:3      | Noticed Jessica
  1602 | D:3      | Killed Jessica
  1649 | D:3      | Reached XP level 4. HP: 40/41 MP: 3/3
  1667 | D:3      | Noticed Natasha
  1675 | D:3      | Killed Natasha
  1760 | D:3      | Reached skill level 5 in Axes
  2198 | D:3      | Reached XP level 5. HP: 20/47 MP: 4/4
  2223 | D:3      | Noticed Natasha
  2229 | D:3      | Killed Natasha
  2653 | D:3      | Reached *** piety under Trog
  2698 | D:3      | Noticed Natasha
  2706 | D:3      | Killed Natasha
  2719 | D:3      | Noticed Robin
  2729 | D:3      | Killed Robin
  2948 | D:4      | Found Zin's Purification Station.
  2949 | D:4      | Noticed Ijyb
  2951 | D:4      | Found a glowing silver altar of Zin.
  2963 | D:4      | Killed Ijyb
  2963 | D:4      | Reached XP level 6. HP: 37/55 MP: 5/5
  2968 | D:4      | Bought a potion of curing for 90 gold pieces
  3019 | D:4      | Reached skill level 5 in Fighting
  3021 | D:4      | Reached skill level 6 in Axes
  3068 | D:4      | Noticed amoger1506's ghost (amateur DsAK)
  3088 | D:4      | Slain by amoger1506's ghost

Skill      XL: |  1  2  3  4  5  6 |
---------------+-------------------+-----
Axes           | 4 5 6 |  6.3
Fighting       | 4 5 |  5.0
Armour         | 3 4 |  4.6
Dodging        | |  2.9
Stealth        | |  0.3

Action                   |  1- 3 |  4- 6 || total
-------------------------+-------+-------++-------
Melee: Hand axe          |    63 |   149 ||   212
       Headbutt          |     9 |    21 ||    30
Invok: Berserk           |       |     3 ||     3
  Use: Scroll            |     6 |       ||     6
       Potion            |     2 |       ||     2
  Eat: Ration            |     1 |       ||     1
       Chunk             |       |     5 ||     5
Armor: Animal skin       |     3 |       ||     3
       Chain mail        |    19 |    65 ||    84
       Leather armour    |     2 |       ||     2
Dodge: Dodged            |    49 |    59 ||   108
